 Dungeon Crawl Stone Soup version 0.24-a0-235-g3f03afc (webtiles) character file.

Game seed: 8870663316564138731

60 Gorice the Thaumaturge (level 4, -2/32 HPs)
             Began as a Gnoll Wanderer on Apr 7, 2019.
             Slain by Sigmund
             ... wielding a +1 scythe of protection
              (8 damage)
             ... on level 2 of the Dungeon.
             The game lasted 00:05:10 (1864 turns).

Gorice the Thaumaturge (Gnoll Wanderer)             Turns: 1864, Time: 00:05:11

Health: -2/32      AC:  8    Str: 15    XL:     4   Next: 6%
Magic:  17/17      EV: 10    Int: 18    God:
Gold:   91         SH:  0    Dex: 11    Spells: 24/25 levels left

rFire    . . .     SeeInvis .   a - +2 hand axe
rCold    . . .     Gourm    .   (no shield)
rNeg     . . .     Faith    .   e - +0 ring mail
rPois    .         Spirit   .   (no helmet)
rElec    .         Reflect  .   (no cloak)
rCorr    .         Harm     .   l - +2 pair of gloves
MR       .....                  (no boots)
Stlth    ..........             (no amulet)
HPRegen  0.10/turn              (no ring)
MPRegen  0.15/turn              (no ring)

@: confused, berserk cooldown, slowed, drained, very slow
A: distributed training, fangs 1, strong nose
a: no special abilities


You were on level 2 of the Dungeon.
You were not hungry.

You visited 1 branch of the dungeon, and saw 2 of its levels.

You collected 91 gold pieces.

Inventory:

Hand Weapons
 a - a +2 hand axe (weapon)
 h - a +1 whip of draining
   (You took it off a kobold on level 1 of the Dungeon)
Missiles
 g - 25 sling bullets
 Y - 74 stones (quivered)
Armour
 d - a +0 robe
 e - a +0 ring mail (worn)
 l - a +2 pair of gloves (worn)
Potions
 b - 2 potions of lignification {!q}
 j - 2 potions of cancellation {!q}
 k - a potion of degeneration {!q}
 m - a potion of flight {unknown}
Comestibles
 c - a chunk of flesh
 f - 4 rations


   Skills:
 + Level 1.0(0.1) Fighting
 + Level 1.0(0.1) Short Blades
 + Level 1.0(0.1) Long Blades
 + Level 4.6(3.5) Axes
 + Level 1.0(0.1) Maces & Flails
 + Level 1.0(0.1) Polearms
 + Level 1.0(0.1) Staves
 + Level 1.0(0.1) Slings
 + Level 1.0(0.1) Bows
 + Level 1.0(0.1) Crossbows
 + Level 1.0(0.1) Throwing
 + Level 2.7(1.7) Armour
 + Level 1.0(0.1) Dodging
 + Level 1.0(0.1) Stealth
 + Level 2.7(1.7) Shields
 + Level 1.0(0.1) Unarmed Combat
 + Level 11.2(9.9) Spellcasting
 + Level 0.7(0.0) Conjurations
 + Level 0.7(0.0) Hexes
 + Level 0.7(0.0) Charms
 + Level 0.7(0.0) Summonings
 + Level 0.7(0.0) Necromancy
 + Level 0.7(0.0) Translocations
 + Level 0.7(0.0) Transmutations
 + Level 0.7(0.0) Fire Magic
 + Level 0.7(0.0) Ice Magic
 + Level 0.7(0.0) Air Magic
 + Level 0.7(0.0) Earth Magic
 + Level 0.7(0.0) Poison Magic
 + Level 1.1(0.2) Invocations
 + Level 2.7(1.7) Evocations


You had 24 spell levels left.
You knew the following spells:

 Your Spells              Type           Power        Failure   Level  Hunger
a - Sting                 Conj/Pois      #...         16%         1    None

Your spell library contained the following spells:

 Spells                   Type           Power        Failure   Level  Hunger
 Mephitic Cloud           Conj/Pois/Air  #.......     43%         3    None


Dungeon Overview and Level Annotations

Branches:
Dungeon (2/15)

Altars:

Annotations:
D:2 Sigmund, Terence


Innate Abilities, Weirdness & Mutations

Your experience applies equally to all skills.
You have very sharp teeth.
Your uncanny sense of smell can sniff out nearby items.


Message History

Sigmund flickers and vanishes!
Deactivating autopickup; reactivate with Ctrl-A.
Something hits you but does no damage.
A red film seems to cover your vision as you go berserk!
You feel yourself moving faster!
You feel mighty!
You feel a strong urge to attack something.
You hear some strange, mumbled words.
A puff of flame appears from out of thin air!
The puff of flame hits you!
Damage: 8 (max 8) Terence shouts!
You hit something. You bite something! Something hits you.
Damage: 2 (max 8)
You miss something. Your bite misses something. You miss something.
Something hits you.
Damage: 2 (max 8)
You barely miss something. Your bite misses something. You miss something.
Your bite misses something. Something hits you.
Damage: 3 (max 8)
You miss something. You hit something. Something hits you!
Damage: 9 (max 9)
You barely miss something. Your bite misses something.
You closely miss something. Your bite misses something.
Something hits you but does no damage.
You barely miss something. You closely miss something.
You hear some strange, mumbled words.
You are confused.
You bump into the rock wall.
You are no longer berserk.
You are exhausted.
You feel yourself slow down.
Damage: 9 (max 9)
You bump into the rock wall.
Something hits you.
Damage: 6 (max 9)
You closely miss something. Something hits you.
* * * LOW HITPOINT WARNING * * *
Something hits you but does no damage.
Damage: 2 (max 9)
You miss something.
You hear some strange, mumbled words.
You are more confused.
You hear some strange, mumbled words.
You are more confused.
You bump into the rock wall.
Something hits you.
* * * LOW HITPOINT WARNING * * *
Damage: 4 (max 9)
Something hits you!
You die...

###.#####.###.##.....#
###.####
....<..##............#
##.#.##
.......##..##........#
#.###.#
.......##......#.....#
##.#.##
#.#.##.##..###.#.....#
##.##
#.#..................#
#.#
#.#####..............#
#.# #.#
#.#.#.##.#####.# #.#
..# #.#.....@{@....#
#.# .####
#.###.##.#####.######.#
....# #.#####........#
.##.# #.....<.########
.....# ######### .##.##
....# ..... .##.#


You could see Terence.

Vanquished Creatures
  An ooze (D:2)
  2 worms (D:2)
  2 dart slugs (D:1)
  3 leopard geckos
  A giant cockroach (D:1)
  3 goblins (D:1)
  6 hobgoblins
  3 jackals (D:1)
  A quokka (D:2)
  A ball python (D:1)
  5 bats
  2 frilled lizards (D:1)
  6 kobolds
  6 rats (D:1)
42 creatures vanquished.

Notes
Turn   | Place    | Note
-------+----------+-------------------------------------------
     0 | D:1      | Reached skill level 11 in Spellcasting
     0 | D:1      | Gorice the Gnoll Wanderer began the quest for the Orb.
     0 | D:1      | Gorice set off with the following items: a +2 hand axe, a
                  | potion of lignification {!q}, a +0 robe, a ration; and the
                  | following spell memorised: Sting; and the following spells
                  | available to memorise: Mephitic Cloud
     0 | D:1      | Reached XP level 1. HP: 13/13 MP: 12/12
    72 | D:1      | Reached XP level 2. HP: 18/19 MP: 14/14
   520 | D:1      | Reached XP level 3. HP: 25/25 MP: 15/15
  1064 | D:2      | Reached skill level 1 in Invocations
  1201 | D:2      | HP: 4/25 [gnoll/+0 flail (10)]
  1602 | D:2      | Reached skill level 1 in Fighting
  1602 | D:2      | Reached skill level 1 in Short Blades
  1602 | D:2      | Reached skill level 1 in Long Blades
  1602 | D:2      | Reached skill level 1 in Maces & Flails
  1602 | D:2      | Reached skill level 1 in Polearms
  1602 | D:2      | Reached skill level 1 in Staves
  1602 | D:2      | Reached skill level 1 in Slings
  1602 | D:2      | Reached skill level 1 in Bows
  1602 | D:2      | Reached skill level 1 in Crossbows
  1602 | D:2      | Reached skill level 1 in Throwing
  1602 | D:2      | Reached skill level 1 in Dodging
  1602 | D:2      | Reached skill level 1 in Stealth
  1602 | D:2      | Reached skill level 1 in Unarmed Combat
  1639 | D:2      | Noticed Terence
  1640 | D:2      | Noticed Sigmund
  1656 | D:1      | Reached XP level 4. HP: 25/32 MP: 17/17
  1860 | D:2      | HP: 9/32 [something (2)]
  1864 | D:2      | Slain by Sigmund

Levels and vault maps discovered:
D:1:      wander_arrival_lonely_grave, layout_basic
D:2:      layout_loops_cross, first_ration, uniq_sigmund, uniq_terence

Skill      XL: |  1  2  3 |
---------------+----------+-----
Spellcasting   | | 11.2
Invocations    | 1 |  1.1
Fighting       | 1 |  1.0
Short Blades   | 1 |  1.0
Long Blades    | 1 |  1.0
Maces & Flails | 1 |  1.0
Polearms       | 1 |  1.0
Staves         | 1 |  1.0
Slings         | 1 |  1.0
Bows           | 1 |  1.0
Crossbows      | 1 |  1.0
Throwing       | 1 |  1.0
Dodging        | 1 |  1.0
Stealth        | 1 |  1.0
Unarmed Combat | 1 |  1.0
Axes           | |  4.6
Armour         | |  2.7
Shields        | |  2.7
Conjurations   | |  0.7
Hexes          | |  0.7
Charms         | |  0.7
Summonings     | |  0.7
Necromancy     | |  0.7
Translocations | |  0.7
Transmutations | |  0.7
Fire Magic     | |  0.7
Ice Magic      | |  0.7
Air Magic      | |  0.7
Earth Magic    | |  0.7
Poison Magic   | |  0.7
Evocations     | |  2.7

Action                   |  1- 3 |  4- 6 || total
-------------------------+-------+-------++-------
Melee: Hand axe          |   126 |    17 ||   143
       Bite              |     7 |     1 ||     8
Throw: Stone             |     5 |       ||     5
  Use: Scroll            |     2 |     2 ||     4
       Potion            |       |     1 ||     1
  Eat: Chunk             |     2 |     1 ||     3
Armor: Ring mail         |    45 |     5 ||    50
Dodge: Dodged            |    78 |     2 ||    80

Table legend:
 A = Non-vault XP
 B = Vault XP
 C = Vault XP percentage of total XP
 D = Non-vault monster count
 E = Vault monster count
 F = Vault count percentage of total count
                 A         B        C        D         E       F
            +---------+---------+-------+---------+---------+-------
      Total |      87 |       0 |   0.0 |      42 |       0 |   0.0
            +---------+---------+-------+---------+---------+-------
        D:1 |      50 |       0 |   0.0 |      29 |       0 |   0.0
        D:2 |      37 |       0 |   0.0 |      13 |       0 |   0.0
            +---------+---------+-------+---------+---------+-------

Table legend:
 A = Turns spent in this place as a percentage of turns spent in the entire game.
 B = Non-inter-level travel turns spent in this place as a percentage of non-inter-level travel turns spent in the entire game.
 C = Inter-level travel turns spent in this place as a percentage of turns spent in this place.
 D = Turns resting spent in this place as a percentage of non-inter-level travel turns spent in this place.
 E = Turns spent auto-exploring this place as a percentage of non-inter-level travel turns spent in this place.
 F = Non-inter-level travel turns spent in this place divided by the number of levels of this place that you've seen.
                   A       B       C       D       E      F
               +-------+-------+-------+-------+-------+----------------------
         Total | 100.0 | 100.0 |   4.8 |  13.6 |  58.0 | 887.5
       Dungeon | 100.0 | 100.0 |   4.8 |  13.6 |  58.0 | 887.5
               +-------+-------+-------+-------+-------+----------------------

Levels and vault maps discovered:
D:1:      wander_arrival_lonely_grave, layout_basic
D:2:      layout_loops_cross, first_ration, uniq_sigmund, uniq_terence
